 Dungeon Crawl Stone Soup version 0.31-a0-1591-g515db51633 (webtiles) character file.

Game seed: 13660066685287996230

206315 Goblin1989 the Warrior (level 19, -3/217 HPs)
             Began as an Oni Gladiator on Jan 3, 2024.
             Was a High Priest of Uskayaw.
             Constricted to death by Jorgrun (10 damage)
             ... on level 1 of the Shoals on Jan 6, 2024.
             The game lasted 01:11:26 (26533 turns).

Goblin1989 the Warrior (Oni Gladiator)             Turns: 26533, Time: 01:11:26

Health: -3/217     AC: 13    Str: 29    XL:     19   Next: 14%
Magic:  25/25      EV: 13    Int:  9    God:    Uskayaw [*****.]
Gold:   1384       SH: 11    Dex: 13    Spells: 18/18 levels left

rFire   . . .        b - +3 broad axe (elec)
rCold   + . .        p - +0 kite shield "Qoylef" {rPois SInv}
rNeg    . . .        C - +1 steam dragon scales
rPois   +            T - +0 hat {Stlth+}
rElec   +            q - +0 cloak of the Minstrel {Dex+3 Slay+3}
rCorr   +            (gloves unavailable)
SInv    +            (boots unavailable)
Will    ++...        N - amulet of Vitality {RegenMP++ Regen++}
Stlth   ++           M - ring "Xawuh" {rElec rC+ Will+ rCorr}
HPRegen 2.16/turn    E - +5 ring of protection
MPRegen 0.99/turn

%: no passive effects
@: grasped by roots, constricted, studying Ice Magic
A: large, unfitting armour, horns 1, tough skin 1, double potion healing,
drunken brawling
a: Renounce Religion, Stomp, Line Pass, Grand Finale


You were on level 1 of the Shoals.
You worshipped Uskayaw.
Uskayaw was aware of your devotion.
You visited 4 branches of the dungeon, and saw 23 of its levels.
You also visited: Ice Cave and Volcano.

You collected 2805 gold pieces.
You spent 1421 gold pieces at shops.

Inventory:

Hand Weapons
 a - the +7 whip of the Present {protect, rF++ rC+ rN+}
   (You found it on level 2 of the Dungeon)

   rF++:      It greatly protects you from fire.
   rC+:       It protects you from cold.
   rN+:       It protects you from negative energy.
 b - a +3 broad axe of electrocution (weapon)
Missiles
 d - 3 throwing nets (quivered) {!d , @Q1}
 e - 22 large rocks {!d, @Q4}
 D - 2 curare-tipped darts
Armour
 p - the +0 kite shield "Qoylef" (worn) {rPois SInv}
   (You found it on level 3 of the Dungeon)

   rPois:     It protects you from poison SInv: It lets you see invisible.
 q - the +0 cloak of the Minstrel (worn) {Dex+3 Slay+3}
   (You found it on level 3 of the Dungeon)

   Dex+3:     It affects your dexterity (+3).
   Slay+3:    It affects your accuracy & damage with ranged weapons and melee
   (+3).
 C - +1 steam dragon scales (worn)
 Q - a +0 kite shield of cold resistance
 T - a +0 hat of stealth (worn)
Jewellery
 c - a ring of protection from cold
 u - a ring of protection from fire
 E - a +5 ring of protection (right hand)
 I - a ring of poison resistance
 M - the ring "Xawuh" (left hand) {rElec rC+ Will+ rCorr}
   (You bought it in a shop on level 1 of the Dungeon)

   [ring of resist corrosion]

   rC+:       It protects you from cold.
   rElec:     It insulates you from electricity.
   Will+:     It increases your willpower.
   rCorr:     It protects you from acid and corrosion.
 N - the amulet of Vitality (around neck) {RegenMP++ Regen++}
   (You found it on level 9 of the Dungeon)

   [amulet of magic regeneration]

   RegenMP:   It increases your rate of magic regeneration.
   Regen++:   It increases your rate of health regeneration.
 S - a ring of positive energy
 Z - a ring of see invisible
Talismans
 V - a granite talisman
Wands
 t - a wand of digging (7) {@v3}
 v - a wand of flame (24) {@v1}
 w - a wand of acid (14) {@v4}
 F - a wand of mindburst (15)
 G - a wand of polymorph (12)
 K - a wand of roots (4)
 Y - a wand of charming (14)
Scrolls
 f - a scroll of summoning
 g - 2 scrolls of brand weapon {unknown}
 k - 2 scrolls of fear
 m - 3 scrolls of poison
 n - 2 scrolls of revelation
 s - a scroll of fog
 z - a scroll of blinking {!r, @r3}
 H - 7 scrolls of teleportation {!r, @r2}
 U - 4 scrolls of noise {unknown}
 X - a scroll of enchant armour
Potions
 h - 13 potions of curing {@q1}
 j - 5 potions of brilliance
 l - 5 potions of heal wounds {@q2}
 o - 3 potions of cancellation
 r - 2 potions of attraction
 x - 4 potions of berserk rage
 y - a potion of enlightenment
 A - 2 potions of magic
 J - 2 potions of mutation {!q}
 L - 9 potions of ambrosia
 O - 2 potions of resistance
 P - 8 potions of haste {@q3,}
 R - 2 potions of might
 W - 2 potions of invisibility


   Skills:
 - Level 19.6 Fighting
 + Level 13.5(17.1) Axes
 - Level 17.0(18.8) Maces & Flails
 - Level 2.0 Throwing
 - Level 16.7 Dodging
 - Level 10.0 Shields
 - Level 9.0 Invocations


You had 18 spell levels left.
You didn't know any spells.
Your spell library contained the following spells:

 Spells                   Type           Power      Damage    Failure   Level
 Apportation              Tloc           0%         N/A       54%         1
 Freeze                   Ice            0%         1d3       54%         1
 Necrotise                Necr           0%         1d4       54%         1
 Sting                    Conj/Alch      0%         1d3       54%         1
 Summon Small Mammal      Summ           0%         N/A       54%         1
 Cigotuvi's Dreadful Rot  Necr/Alch/Air  0%         N/A       69%         2
 Call Canine Familiar     Summ           0%         N/A       89%         3
 Dazzling Flash           Conj/Hex       0%         N/A       89%         3
 Frozen Ramparts          Ice            0%         1d1       89%         3
 Fugue of the Fallen      Necr           0%         N/A       89%         3
 Hailstorm                Conj/Ice       0%         3d5       89%         3
 Inner Flame              Hex/Fire       0%         N/A       89%         3
 Ozocubu's Armour         Ice            0%         N/A       89%         3
 Volatile Blastmotes      Fire/Tloc      0%         2d10      89%         3
 Cause Fear               Hex            0%         N/A       100%        4
 Fulminant Prism          Conj/Alch      0%         3d5       100%        4
 Ignite Poison            Fire/Alch      0%         N/A       100%        4
 Iskenderun's Mystic Bla  Conj/Tloc      0%         2d3       100%        4
 Leda's Liquefaction      Alch/Erth      0%         N/A       100%        4
 Manifold Assault         Tloc           0%         N/A       100%        4
 Petrify                  Alch/Erth      0%         N/A       100%        4
 Summon Blazeheart Golem  Fire/Summ      0%         N/A       100%        4
 Vhi's Electric Charge    Tloc/Air       0%         N/A       100%        4
 Arcjolt                  Conj/Air       0%         1d10      100%        5
 Fireball                 Conj/Fire      0%         3d3       100%        5
 Freezing Cloud           Conj/Ice/Air   0%         6-21      100%        5
 Irradiate                Conj/Alch      0%         3d11      100%        5
 Metabolic Englaciation   Hex/Ice        0%         N/A       100%        5
 Starburst                Conj/Fire      0%         6d3       100%        6
 Ignition                 Fire           0%         3d3       100%        8
 Maxwell's Capacitive Co  Air            0%         ∞         100%        8
 Dragon's Call            Summ           0%         N/A       100%        9


Dungeon Overview and Level Annotations

Branches:
Dungeon (15/15) Zot: 25923  Temple (0/1) D:5            Lair (5/5) D:8 Zot: 24120
 Shoals (1/4) Lair:3 Zot: 5937  Spider (0/4) Lair:2        Slime (0/5) Lair:5
    Orc (2/2) D:11 Zot: 10039     Elf (0/3) Orc:2        Vaults (0/5) D:13
 Depths (0/4) D:15          IceCv (visited)         Volcano (visited)

Altars:
Elyvilon
Fedhas
Kikubaaqudgha
Okawaru
Qazlal
Ru
Trog
Uskayaw
Vehumet
Wu Jian
Xom
Zin
The Shining One

Shops:
D:1 =   D:11 ([   D:14 *   Orc:2 ?(:[*

Annotations:
Lair:5 2 runed translucent doors
Shoals:1 Jorgrun
Orc:2 2 runed translucent doors, p0werm0de's ghost, journeyman MiFi


Innate Abilities, Weirdness & Mutations

You are too large for most types of armour.
You have a pair of small horns on your head.
You have tough skin. (AC +1)
You gain doubled healing and magic from potions.
Whenever you drink a healing potion, you attack all around you.


Message History

Jorgrun is no longer paralysed.
The snapping turtle is no longer paralysed.
The snapping turtle bites you from afar!
The grasping roots constrict you.
You take 7 damage, and have 129/217 hp.
You are too injured to fight recklessly!
You are too injured to fight recklessly!
You are too injured to fight recklessly!
You are too injured to fight recklessly!
You are too injured to fight recklessly!
You are too injured to fight recklessly!
You are too injured to fight recklessly!
You are too injured to fight recklessly!
You are too injured to fight recklessly!
You are too injured to fight recklessly!
You are too injured to fight recklessly!
You are too injured to fight recklessly!
You are too injured to fight recklessly!
You are too injured to fight recklessly!
You are too injured to fight recklessly!
You are too injured to fight recklessly!
You are too injured to fight recklessly!
You are too injured to fight recklessly!
You are too injured to fight recklessly!
You are too injured to fight recklessly!
You are too injured to fight recklessly!
You are too injured to fight recklessly!
You completely miss Jorgrun. You block Jorgrun's attack.
The grasping roots constrict you. The snapping turtle misses you.
You take 2 damage, and have 127/217 hp.
You miss Jorgrun. You headbutt Jorgrun, but do no damage.
Jorgrun hits you with a staff of earth! The ground beneath you fractures!!
* * * LOW HITPOINT WARNING * * *
The grasping roots constrict you!
* * * LOW HITPOINT WARNING * * *
You take 48 damage, and have 79/217 hp.
MASSIVE DAMAGE!!
You slice Jorgrun!! You headbutt Jorgrun.
Jorgrun is lightly wounded.
The snapping turtle barely misses you. You block Jorgrun's attack.
The grasping roots constrict you.
The grasping roots release their grip on you.
Uskayaw will force your foes to share their pain.
Uskayaw links your audience in an emotional bond!
You regained 2 hp, and now have 81/217 hp.
You closely miss Jorgrun. You headbutt Jorgrun.
Jorgrun is moderately wounded.
You block the snapping turtle's attack.
You regained 2 hp, and now have 83/217 hp.
You slash Jorgrun!
Jorgrun is moderately wounded.
You block Jorgrun's attack.
You barely miss Jorgrun.
Jorgrun is moderately wounded.
You block Jorgrun's attack. You block the snapping turtle's attack.
You regained 2 hp, and now have 86/217 hp.
You slice Jorgrun!! Lightning courses through Jorgrun!
Jorgrun is heavily wounded.
You block Jorgrun's attack. You block the snapping turtle's attack.
You regained 2 hp, and now have 88/217 hp.
You slash Jorgrun!
Jorgrun is severely wounded.
Jorgrun is no longer sharing his pain.
Jorgrun gestures at you while chanting. The iron shot hits you!!!
* * * LOW HITPOINT WARNING * * *
You take 44 damage, and have 44/217 hp.
MASSIVE DAMAGE!!
You closely miss Jorgrun. Your headbutt misses Jorgrun.
Jorgrun is severely wounded.
The snapping turtle closely misses you.
You slash Jorgrun!
Jorgrun is severely wounded.
Jorgrun hits you with a staff of earth!
* * * LOW HITPOINT WARNING * * *
The ground beneath you fractures!
* * * LOW HITPOINT WARNING * * *
You can now merge with and destroy a victim.
You take 18 damage, and have 27/217 hp.
You slash Jorgrun!
Jorgrun is severely wounded.
The snapping turtle is no longer sharing its pain.
You block the snapping turtle's attack. Jorgrun casts a spell at you.
Roots burst forth from the earth!
The grasping roots grab you! The grasping roots constrict you.
* * * LOW HITPOINT WARNING * * *
You take 1 damage, and have 26/217 hp.
You hit Jorgrun but do no damage.
Jorgrun is severely wounded.
The snapping turtle bites you from afar!
* * * LOW HITPOINT WARNING * * *
Jorgrun casts a spell at you. You resist with almost no effort.
The grasping roots constrict you!
* * * LOW HITPOINT WARNING * * *
You take 21 damage, and have 5/217 hp.
You barely miss Jorgrun.
Jorgrun is severely wounded.
You block the snapping turtle's attack. You block Jorgrun's attack.
The grasping roots constrict you!
You die...

█.~.......~~P~~~.
.███..~~~....~~~~~~~.
~......~~....~~~~~~~~~
.........)†...~~~~~~~..
~.$...~~~.~...~~~.>....
~~..~~≈.~~~~~~~~~......
≈≈~~~~~..!...~~~~..█
~~~.....███..~..m~≈≈~.██
~~...████ ██.~~()≈≈≈~~~.
~...█ █.~~≈≈~~~~~~~ ███
█...~≈≈~~~..~~
██.~~~≈~....~~


You could see Jorgrun, a snapping turtle and a faun.

Vanquished Creatures
  Rupert (D:15)
  Frances (D:13)
  Agnes (D:14)
  Gastronok (Lair:1)
  Donald (Orc:2)
  A frost giant (IceCv)
  An orc warlord (Orc:2)
  A merfolk impaler (Shoals:1)
  Fannar (D:10)
  Josephine (D:13)
  8 vault guards (D:13)
  9 hydras
  A rakshasa (D:15)
  Erolcha (D:13)
  A death knight (D:14)
  A catoblepas (D:15)
  Erica (D:8)
  3 centaur warriors
  An ogre mage (D:15)
  2 two-headed ogres (D:8)
  An alligator snapping turtle (Shoals:1)
  19 death yaks
  2 boulder beetles
  3 orc high priests (Orc:2)
  A naga sharpshooter (D:15)
  2 deep elf knights (D:13)
  Sonja (Orc:1)
  Nergalle (D:12)
  A salamander mystic (D:15)
  6 skeletal warriors
  4 skysharks
  2 fire crabs (D:15)
  7 arcanists (D:15)
  3 deep trolls (D:9)
  4 orc knights
  A sea snake (Shoals:1)
  2 deep elf archers (D:13)
  3 lindwurms
  3 harpies (Shoals:1)
  16 deep elf pyromancers
  7 deep elf zephyrmancers (D:13)
  8 orc sorcerers
  2 oklob plants (Lair:5)
  4 salamanders (D:15)
  6 cyclopes
  5 ugly things
  A manticore (shapeshifter) (D:15)
  Maurice (D:9)
  2 rust devils (D:15)
  A merfolk siren (Shoals:1)
  3 elephants (Lair:5)
  A kobold blastminer (Orc:2)
  An ice statue (IceCv)
  A torpor snail (Lair:1)
  10 black mambas
  4 gargoyles
  4 molten gargoyles
  An unseen horror (D:13)
  10 rime drakes
  7 cane toads
  A kobold demonologist (D:12)
  An efreet (D:14)
  Jeremiah (D:6)
  11 komodo dragons
  A freezing wraith (D:15)
  4 yaktaurs (D:15)
  5 merfolk (Shoals:1)
  A queen bee (D:9)
  3 trolls
  A hornet (shapeshifter) (D:13)
  11 polar bears
  2 harpy skeletons (Volcano)
  2 snapping turtles
  A hornet (D:11)
  16 blink frogs
  A raiju (D:15)
  2 jumping spiders (Lair:2)
  3 dream sheep (Lair:1)
  7 wraiths
  2 culicivoras (Lair:2)
  2 shadows
  5 slime creatures (D:14)
  3 fire bats (Lair:2)
  A human (shapeshifter) (D:15)
  2 water elementals
  7 steam dragons
  2 vampires
  8 wyverns
  51 yaks
  A basilisk (shapeshifter) (D:15)
  6 basilisks
  Edmund (D:5)
  7 vampire mosquitoes
  2 acid dragons
  11 water moccasins
  4 hell hounds (Lair:5)
  A meliai simulacrum (D:15)
  32 orc warriors
  A black bear (D:7)
  4 ice beasts
  2 sky beasts (D:8)
  25 wolves
  2 laughing skulls (Volcano)
  7 ogres
  7 centaurs
  A weeping skull (Volcano)
  3 bullfrogs
  4 kobold brigands
  Blork the orc (D:4)
  A gnoll sergeant (D:8)
  2 scorpions
  8 wights
  34 killer bees
  3 electric eels (Lair:3)
  3 spriggan skeletons (Volcano)
  6 howler monkeys
  A troll skeleton (Volcano)
  3 lava snakes (Lair:5)
  5 bombardier beetles
  A hound (D:6)
  19 orc priests
  A gnoll bouda (D:5)
  2 sleepcaps
  2 iguanas
  29 orc wizards
  10 gnolls
  5 adders
  2 white imps (D:5)
  2 dart slugs (D:2)
  A ribbon worm (D:2)
  97 orcs
  5 endoplasms
  5 giant cockroaches
  2 goblins (D:1)
  8 hobgoblins
  5 quokkas
  5 ball pythons
  5 bats
  A frilled lizard (D:3)
  19 kobolds
  2 rats (D:1)
772 creatures vanquished.

Vanquished Creatures (others)
  A deep elf pyromancer (D:15)
  A wyvern (Lair:5)
  A water elemental (D:15)
  An orc wizard (D:8)
4 creatures vanquished.

Grand Total: 776 creatures vanquished

Notes
Turn   | Place    | Note
-------+----------+-------------------------------------------
     0 | D:1      | Goblin1989 the Oni Gladiator began the quest for the Orb.
     0 | D:1      | Reached XP level 1. HP: 22/22 MP: 1/1
    17 | D:1      | Found Ybupufiolo's One-of-a-Kind Rings.
    48 | D:1      | Found a faded altar of an unknown god.
   197 | D:1      | Prayed at the altar of an unknown god.
   197 | D:1      | Became a worshipper of Uskayaw the Reveller
   197 | D:1      | Reached * piety under Uskayaw
   487 | D:1      | Reached XP level 2. HP: 28/29 MP: 2/2
   720 | D:1      | Reached ** piety under Uskayaw
  1150 | D:2      | Reached XP level 3. HP: 36/36 MP: 3/3
  1566 | D:2      | Identified the +7 whip of the Present {protect, rF++ rC+
                  | rN+}
  1780 | D:2      | Reached XP level 4. HP: 44/44 MP: 4/4
  1970 | D:2      | Reached skill level 5 in Maces & Flails
  2104 | D:3      | Found an iron altar of Okawaru.
  2249 | D:3      | Reached *** piety under Uskayaw
  2250 | D:3      | Reached **** piety under Uskayaw
  2251 | D:3      | Reached XP level 5. HP: 43/50 MP: 5/5
  2260 | D:3      | Identified the +0 kite shield "Qoylef" {rPois SInv}
  2285 | D:3      | Identified the +0 cloak of the Minstrel {Dex+3 Slay+3}
  2533 | D:3      | Reached skill level 3 in Fighting
  2749 | D:3      | Found a sacrificial altar of Ru.
  2786 | D:4      | Reached skill level 1 in Shields
  2786 | D:4      | Reached XP level 6. HP: 61/61 MP: 6/6
  2950 | D:4      | Identified the +0 robe of the Elven Halls {Rampage +Inv
                  | Str+2 Dex-4}
  2954 | D:4      | Noticed Blork the orc
  2963 | D:4      | Killed Blork the orc
  3217 | D:4      | Reached skill level 4 in Fighting
  3217 | D:4      | Reached XP level 7. HP: 68/70 MP: 7/7
  3400 | D:5      | Entered Level 5 of the Dungeon
  3400 | D:5      | Noticed Edmund
  3415 | D:5      | Noticed a steam dragon
  3426 | D:5      | Killed a steam dragon
  3600 | D:5      | Reached ***** piety under Uskayaw
  3604 | D:5      | Reached skill level 5 in Fighting
  3604 | D:5      | Reached XP level 8. HP: 77/80 MP: 8/8
  3628 | D:5      | Reached ****** piety under Uskayaw
  3629 | D:5      | Killed Edmund
  3773 | D:5      | Found a staircase to the Ecumenical Temple.
  4322 | D:6      | Reached skill level 1 in Invocations
  4391 | D:6      | Reached skill level 6 in Fighting
  4489 | D:6      | Found a blossoming altar of Fedhas.
  4803 | D:6      | Reached XP level 9. HP: 88/89 MP: 10/10
  4978 | D:6      | Noticed Jeremiah
  4994 | D:6      | Killed Jeremiah
  4995 | D:6      | Reached skill level 5 in Dodging
  5499 | D:7      | Reached skill level 7 in Fighting
  5917 | D:7      | Found a shimmering altar of Xom.
  5919 | D:7      | Noticed an angel
  5927 | D:7      | Found a glowing silver altar of Zin.
  6214 | D:8      | Identified a scroll of acquirement
  6214 | D:8      | Acquired a manual of Maces & Flails
  6240 | D:8      | Noticed Erica
  6252 | D:8      | Killed Erica
  6253 | D:8      | Reached skill level 8 in Fighting
  6253 | D:8      | Reached skill level 10 in Maces & Flails
  6253 | D:8      | Reached skill level 5 in Shields
  6253 | D:8      | Reached XP level 10. HP: 34/104 MP: 12/12
  6467 | D:8      | Noticed a two-headed ogre
  6487 | D:8      | Killed a two-headed ogre
  6522 | D:8      | Noticed a two-headed ogre
  6683 | D:8      | Killed a two-headed ogre
  6684 | D:8      | Reached skill level 9 in Fighting
  6855 | D:8      | Found a glowing golden altar of the Shining One.
  6997 | D:8      | Found an ancient bone altar of Kikubaaqudgha.
  7041 | D:8      | Found a staircase to the Lair.
  7614 | D:9      | Noticed Maurice
  7623 | D:9      | Killed Maurice
  7624 | D:9      | Reached XP level 11. HP: 115/115 MP: 13/13
  7877 | D:9      | Found a bloodstained altar of Trog.
  8179 | D:9      | Noticed a deep troll
  8180 | D:9      | Noticed a deep troll
  8180 | D:9      | Noticed a deep troll
  8188 | D:9      | Killed a deep troll
  8189 | D:9      | Reached skill level 10 in Fighting
  8192 | D:9      | Killed a deep troll
  8197 | D:9      | Killed a deep troll
  8232 | D:9      | Found the amulet of Vitality {RegenMP++ Regen++}
  8540 | Lair:1   | Entered Level 1 of the Lair of Beasts
  8607 | Lair:1   | Reached skill level 11 in Fighting
  8608 | Lair:1   | HP: 6/120 [dream sheep[a torpor snail] (8)]
  8941 | Lair:1   | Found a frozen archway.
  8955 | Lair:1   | Reached XP level 12. HP: 93/130 MP: 14/14
  8966 | IceCv    | Entered an ice cave
  9334 | IceCv    | Noticed a death yak
  9346 | IceCv    | Reached skill level 12 in Fighting
  9351 | IceCv    | Killed a death yak
  9837 | IceCv    | Noticed a death yak
  9860 | IceCv    | Killed a death yak
  9950 | IceCv    | Noticed a death yak
  9950 | IceCv    | Noticed a death yak
  9953 | IceCv    | Noticed a death yak
  9955 | IceCv    | Noticed a death yak
 10012 | IceCv    | Killed a death yak
 10017 | IceCv    | Killed a death yak
 10018 | IceCv    | Reached skill level 15 in Maces & Flails
 10022 | IceCv    | Killed a death yak
 10034 | IceCv    | Killed a death yak
 10360 | IceCv    | Noticed a death yak
 10360 | IceCv    | Noticed a frost giant
 10402 | IceCv    | Killed a frost giant
 10407 | IceCv    | Killed a death yak
 10408 | IceCv    | Reached skill level 13 in Fighting
 10416 | IceCv    | Reached XP level 13. HP: 25/144 MP: 9/15
 11002 | Lair:1   | Noticed Gastronok
 11646 | Lair:1   | Killed Gastronok
 11717 | Lair:1   | Reached skill level 10 in Dodging
 12114 | Lair:2   | Acquired a manual of Dodging
 12156 | Lair:2   | Found a dark tunnel.
 12176 | Volcano  | Entered a volcano
 12608 | Volcano  | Reached skill level 14 in Fighting
 13535 | Lair:2   | Reached skill level 10 in Shields
 13689 | Lair:2   | Found a hole to the Spider Nest.
 14743 | D:1      | Bought the ring "Xawuh" {rElec rC+ Will+ rCorr} for 512
                  | gold pieces
 15002 | Lair:3   | Found a staircase to the Shoals.
 15362 | Lair:4   | Reached XP level 14. HP: 157/157 MP: 16/16
 15390 | Lair:4   | Reached skill level 15 in Fighting
 16025 | Lair:4   | Found an ornate altar of the Wu Jian Council.
 16027 | Lair:4   | Found a hide-covered altar of Uskayaw.
 16403 | Lair:4   | Upgraded the game from 0.31-a0-1570-g93c622d222 to
                  | 0.31-a0-1576-ga3383bade6
 16420 | Lair:5   | Entered Level 5 of the Lair of Beasts
 16444 | Lair:5   | Reached skill level 16 in Fighting
 16450 | Lair:5   | Reached skill level 5 in Invocations
 16873 | Lair:5   | Found a staircase to the Slime Pits.
 17264 | Lair:5   | Reached XP level 15. HP: 172/172 MP: 20/20
 17281 | Lair:5   | Reached skill level 17 in Fighting
 17495 | Lair:5   | Reached skill level 15 in Dodging
 17550 | Lair:5   | Found a large runed translucent door.
 17551 | Lair:5   | Found a large runed translucent door.
 18044 | D:10     | Entered Level 10 of the Dungeon
 18351 | D:10     | Noticed Fannar
 18364 | D:10     | Killed Fannar
 18443 | D:10     | Found a stormy altar of Qazlal.
 18876 | D:11     | Found Juzxent's Armour Boutique.
 18877 | D:11     | Found a staircase to the Orcish Mines.
 18881 | D:11     | Found Kaschooc's Weapon Boutique.
 19280 | D:11     | Found a white marble altar of Elyvilon.
 19400 | D:12     | Noticed Nergalle
 19410 | D:12     | Killed Nergalle
 19555 | D:12     | Reached skill level 18 in Fighting
 19575 | D:12     | Found a blossoming altar of Fedhas.
 19845 | D:12     | You fall into a shaft and drop 1 floor!
 20049 | D:13     | Found a gate to the Vaults.
 20304 | D:13     | Noticed Erolcha
 20314 | D:13     | Killed Erolcha
 20338 | D:13     | Noticed Josephine
 20364 | D:13     | Killed Josephine
 20499 | D:13     | Noticed Frances
 20517 | D:13     | Killed Frances
 20679 | D:13     | Reached skill level 19 in Fighting
 20725 | D:13     | Reached XP level 16. HP: 120/189 MP: 22/22
 21595 | D:1      | Bought a +5 ring of protection for 605 gold pieces
 21830 | Orc:1    | Entered Level 1 of the Orcish Mines
 21884 | Orc:1    | Noticed Sonja
 21899 | Orc:1    | Killed Sonja
 22155 | Orc:1    | Upgraded the game from 0.31-a0-1576-ga3383bade6 to
                  | 0.31-a0-1589-g8f5e8aebd6
 22169 | Orc:2    | Entered Level 2 of the Orcish Mines
 22181 | Orc:2    | Found a large runed translucent door.
 22181 | Orc:2    | Found a large runed translucent door.
 22188 | Orc:2    | Noticed p0werm0de's ghost (journeyman MiFi)
 22225 | Orc:2    | Found a staircase to the Elven Halls.
 22576 | Orc:2    | Noticed Donald
 22665 | Orc:2    | Killed Donald
 22684 | Orc:2    | Upgraded the game from 0.31-a0-1589-g8f5e8aebd6 to
                  | 0.31-a0-1591-g515db51633
 22892 | Orc:2    | Found Tit Isop's Magic Scroll Emporium.
 23216 | Orc:2    | Reached skill level 1 in Axes
 23327 | Orc:2    | Acquired 545 gold pieces
 23761 | Orc:2    | Reached skill level 5 in Axes
 23787 | Orc:2    | Found Zitwadom's Antique Armour Shop.
 23788 | Orc:2    | Found Gelo's Antique Weapon Boutique.
 23790 | Orc:2    | Found Aras Ruri's General Store.
 23790 | Orc:2    | Found Gufaxef's Book Shop.
 23806 | Orc:2    | Bought a potion of might for 64 gold pieces
 23806 | Orc:2    | Bought a potion of resistance for 160 gold pieces
 23806 | Orc:2    | Bought a potion of enlightenment for 80 gold pieces
 24160 | D:14     | Noticed Agnes
 24183 | D:14     | Killed Agnes
 24461 | D:14     | Found Xosazip's Overcharged Wands.
 24489 | D:14     | Found a radiant altar of Vehumet.
 25148 | D:15     | Entered Level 15 of the Dungeon
 25218 | D:15     | Found a staircase to the Depths.
 25241 | D:15     | Identified the staff of Death {rC+ Will+ Dex+4 Stlth- Ice
                  | Earth}
 25409 | D:15     | Noticed Rupert
 25426 | D:15     | Killed Rupert
 25655 | D:15     | Reached XP level 17. HP: 198/198 MP: 23/23
 25656 | D:15     | Reached XP level 18. HP: 209/209 MP: 24/24
 25815 | D:15     | Reached XP level 19. HP: 211/217 MP: 25/25
 26373 | Shoals:1 | Entered Level 1 of the Shoals
 26402 | Shoals:1 | Noticed Jorgrun
 26532 | Shoals:1 | HP: 5/217 [constriction (10)]
 26533 | Shoals:1 | Constricted to death by Jorgrun

Illustrated notes

Levels and vault maps discovered:
D:1:      dpeg_arrival_shelter, layout_loops_corners, basic_ecumenical_altar,
          nicolae_shop_unique_rings
D:2:      minmay_skewed_foursquare, layout_basic
D:3:      layout_basic, nicolae_ru_the_path_less_chosen,
          okawaru_metal_pillars_3, grunt_decor_clamped
D:4:      layout_gridville, uniq_blork_the_orc
D:5:      layout_rooms, minmay_temple_entry_gardened_gates, uniq_edmund
D:6:      layout_basic, mainiacjoe_overflow_24_doors, uniq_jeremiah
D:7:      layout_basic, grunt_temple_overflow_order_and_chaos_1
D:8:      layout_gridville, mainiacjoe_overflow_catwalk_spiral, enter_bailey_2,
          kennysheep_kite_vault, uniq_erica
D:9:      layout_gridville, bloody_trog, special_room [special_room_bee],
          hellmonk_guarded_unrand_vitality_bloodlust, uniq_maurice
D:10:     layout_loops_ring, nicolae_qazlal_general_emergency, st_stairs_13,
          nicolae_zig_zag_zippers, uniq_fannar
D:11:     layout_loops_ring, orc_david_3, nicolae_elyvilon_temple_path
D:12:     layout_layer_cave, hangedman_decor_growths,
          fedhas_bush_and_centaur_altar, uniq_nergalle
D:13:     minmay_elf_outpost, layout_gridville, erik_vaults_2, uniq_erolcha,
          uniq_josephine, uniq_frances
D:14:     layout_basic, nicolae_vehumet_radiance, hangedman_decor_lopped,
          minivault_5, nicolae_shop_overcharged_wands, uniq_agnes
D:15:     hangedman_crystal_crosses_colossus [crystal_crosses_arms_four,
          crystal_crosses_arms_two, crystal_crosses_arms_two], uniq_rupert,
          uniq_azrael
Lair:1:   dreamdust_cave_troll, layout_layer_cave, portal_ice_cave_rime,
          serial_bayou_lagoon_a, infiniplex_staircase_pool_2,
          serial_bayou_shore_b, serial_bayou_shore_b, uniq_gastronok
Lair:2:   layout_cave_pods, nicolae_spider_entry_tight_spaces,
          nicolae_volcano_entry_batcave
Lair:3:   layout_concentric_octagons, minmay_shoals_entry_hut,
          grunt_megastairs_4, serial_bayou_shore_a
Lair:4:   layout_loops_ring, nzn_masters_of_martial_movement
Lair:5:   cheibrodos_lair_end_hotspot, layout_regular_city,
          minmay_slime_entry_oklob_open, wad_woods_road_02,
          grunt_forest_small_clearings, small_statue_intersection,
          grunt_forest_small_clearing_treed, lemuel_fruit_tree
Shoals:1: layout_shoals, serial_shops, shop, nicolae_shoals_this_corrosion,
          uniq_jorgrun
Orc:1:    layout_caves, guppyfry_library_mini, uniq_sonja
Orc:2:    st_orc_congregation, layout_diamond_mine, ebering_ghost_disaster_area,
          serial_shops, nicolae_shop_rolled_up, uniq_donald

Skill      XL: |  1  2  3  4  5  6  7  8  9 10 11 12 13 14 15 16 17 18 19 |
---------------+----------------------------------------------------------+-----
Maces & Flails | 4 5 6 7 8 10 12 14 15 16 17 | 17.0
Fighting       | 3 4 5 6 8 9 11 13 14 16 19 | 19.6
Dodging        | 3 4 6 8 9 11 14 16 | 16.7
Shields        | 1 2 3 5 6 7 9 10 | 10.0
Invocations    | 2 3 7 8 9 |  9.0
Axes           | 11 12 13 | 13.5
Throwing       | |  2.0

Action                     |  1- 3 |  4- 6 |  7- 9 | 10-12 | 13-15 | 16-18 | 19-21 || total
---------------------------+-------+-------+-------+-------+-------+-------+-------++-------
  Melee: Flail             |    91 |       |       |       |       |       |       ||    91
         Headbutt          |     9 |    16 |    49 |   140 |   426 |   225 |    25 ||   890
         Whip              |     6 |    97 |   234 |   511 |  1492 |   720 |     5 ||  3065
         Broad axe         |       |       |       |       |       |    30 |    78 ||   108
 Invoke: Stomp             |       |       |       |     3 |       |       |       ||     3
  Evoke: Wand              |       |       |       |     2 |       |       |       ||     2
    Use: Potion            |     2 |       |       |       |       |     2 |       ||     4
         Scroll            |       |       |    10 |     4 |     1 |    12 |     3 ||    30
   Stab: Paralysed         |       |     3 |    12 |    30 |   102 |    88 |     4 ||   239
         Sleeping          |       |     2 |       |       |    12 |     4 |       ||    18
 Armour: Robe              |    62 |    44 |    73 |       |       |       |       ||   179
         Skin              |     3 |       |       |       |       |       |       ||     3
         Steam dragon scal |       |       |    59 |   243 |   681 |   282 |    66 ||  1331
  Dodge: Dodged            |    44 |    24 |    87 |   167 |   503 |   237 |    27 ||  1089
  Block: Kite shield       |       |    13 |   102 |   236 |   630 |   242 |    69 ||  1292

Table legend: (Time is in decaauts)
 A = Elapsed time spent in this place.
 B = Non-inter-level travel time spent in this place.
 C = Inter-level travel time spent in this place.
 D = Time resting spent in this place.
 E = Time spent auto-exploring this place.
 F = Levels seen in this place.
 G = Mean time per level.
                   A        B        C        D        E       F      G
               +--------+--------+--------+--------+--------+-----+--------+
         Total |  25387 |  22969 |   2418 |   3029 |  14489 |  25 | 1015.5 |
       Dungeon |  14727 |  12944 |   1783 |    810 |   9346 |  15 |  981.8 |
          Lair |   5880 |   5335 |    545 |    538 |   3425 |   5 | 1176.0 |
        Shoals |     61 |     61 |      0 |      0 |      0 |   1 |   61.0 |
  Orcish Mines |   1960 |   1870 |     90 |     20 |   1189 |   2 |  980.0 |
      Ice Cave |   1849 |   1849 |      0 |   1157 |    353 |   1 | 1849.0 |
       Volcano |    908 |    908 |      0 |    504 |    176 |   1 |  908.0 |
               +--------+--------+--------+--------+--------+-----+--------+

Top non-repeatable levels by time:
   IceCv: 1849 daAuts
  Lair:1: 1591 daAuts
     D:8: 1551 daAuts
   Orc:2: 1505 daAuts
  Lair:5: 1346 daAuts
     D:6: 1272 daAuts
     D:1: 1234 daAuts
    D:13: 1209 daAuts
     D:2: 1165 daAuts
    D:14: 1079 daAuts
  Lair:2: 1060 daAuts
  Lair:4: 990 daAuts
     D:9: 971 daAuts
     D:7: 917 daAuts
 Volcano: 908 daAuts
